Login

Minnesota Wild vs St. Louis Blues

Created - 15 April 2024 at 23:08

Goals
1 2 3 OT1 SO T
Minnesota Wild 2 0 0 0 1 3
St. Louis Blues 0 2 0 0 0 2
Shots
1 2 3 OT1 SO T
Minnesota Wild 17 5 9 0 3 31
St. Louis Blues 9 9 13 1 3 32

GoalsPenalties
1st period
1. Minnesota Wild , Marcus Johansson 9 (Matt Boldy 4, Tomas Hertl 9) at 17:34
2. Minnesota Wild , Mats Zuccarello 4 (Kirill Kaprizov 11, Jujhar Khaira 2) at 17:48
2nd period
3. St. Louis Blues , Oskar Sundqvist 1 (Kasperi Kapanen 5, Colton Parayko 7) at 2:28
4. St. Louis Blues , Jordan Kyrou 13 (Robert Thomas 14, Brayden Schenn 3) at 6:18 (PP)
Ryan Hartman (MIN) for Slashing (Double Minor) at 5:42
Pat Maroon (MIN) for Roughing (Minor) at 13:01
3rd period
No Goal
Ryan Hartman (MIN) for Slashing (Minor) at 1:17
Jake Middleton (MIN) for Holding (Minor) at 7:58
Robert Bortuzzo (STL) for Interference (Minor) at 10:42
Pat Maroon (MIN) for Tripping (Minor) at 18:02
Overtime #1
No Goal
Shootout
Minnesota Wild, Kirill Kaprizov - Shot Misses the Net
St. Louis Blues, Brayden Schenn - Stopped by Filip Gustavsson
Minnesota Wild, Zach Parise - Stopped by Jaroslav Halak
St. Louis Blues, Jordan Kyrou - Stopped by Filip Gustavsson
Minnesota Wild, Mats Zuccarello - Goal!
St. Louis Blues, Pavel Buchnevich - Shot Misses the Net
Goalie Stats
Filip Gustavsson (MIN), 30 saves from 32 shots - (0.938), W, 10-7-0, 65:00 minutes
Jaroslav Halak (STL), 29 saves from 31 shots - (0.935), OTL, 4-0-1, 65:00 minutes
3 StarsOfficial
1 - Mats Zuccarello (MIN)
2 - Marcus Johansson (MIN)
3 - Filip Gustavsson (MIN)
Referees : Dave Lewis and Brandon Blandina
Linesman : Scott Cherrey and Kyle Flemington
Game Note
No Game Note
Finance
Level 1 -- Attendance: 5866 (97.77%) -- Ticket Income $569,002
Level 2 -- Attendance: 5000 (100.00%) -- Ticket Income $280,000
Level 3 -- Attendance: 1787 (89.35%) -- Ticket Income $60,758
Level 4 -- Attendance: 3781 (94.53%) -- Ticket Income $75,620
Luxury Box -- Attendance: 1000 (100.00%) -- Ticket Income $199,000
Game was played at the Enterprise Center.
Total Attendance: 17434 (96.86%)
Total Ticket Income: $1,184,380
Other Income: $580,346
Total Income: $1,764,726



Team Name Goals Shots Shots Attemp Shots Blocked PIM HIT PP PK FO%
Minnesota Wild 331581112280 / 1 (0%)156%
St. Louis Blues 23257142291 / 6 (17%)044%

Minnesota Wild
Player Name POS G A P +/- PIM HIT SHT SB MP PP MP PP SHT PK MP PK SHT FO% FOT GA TA
Alex GoligoskiD0000000013:520:0000:0000% 002
Connor DewarC000001228:200:0001:0300% 000
Eric StaalC0000010016:350:0005:30046% 1300
Jake MiddletonD0000231023:450:0003:4100% 000
John KlingbergD0000003129:000:4515:0700% 000
Jon MerrillD0000000218:230:0005:3600% 000
Jonas BrodinD0001011115:550:0001:1200% 000
Jujhar KhairaLW0110020017:080:0000:00067% 1800
Kirill KaprizovLW0110031023:441:1005:090100% 231
Marcus FolignoLW000002019:461:1001:42020% 500
Marcus JohanssonLW1011014019:490:4903:13050% 200
Mats ZuccarelloRW10100410017:311:1010:000100% 100
Matt BoldyRW0111012016:410:4900:00050% 210
Pat MaroonLW0000401210:280:0002:4900% 221
Rasmus RistolainenD0001040123:071:1405:2600% 010
Ryan HartmanC0000621112:480:4901:3400% 000
Tomas HertlC0111013017:101:1400:00067% 1211
Zach PariseLW0000022011:230:4500:0000% 000
St. Louis Blues
Player Name POS G A P +/- PIM HIT SHT SB MP PP MP PP SHT PK MP PK SHT FO% FOT GA TA
Alexey ToropchenkoRW000001108:370:0000:5810% 000
Brayden SchennC011-1021021:257:2410:00036% 1100
Colton ParaykoD0111041013:450:0001:0500% 001
Jakub VranaLW000001007:560:1500:0000% 010
Jordan KyrouRW101-1005023:255:2610:0000% 001
Justin FaulkD000-1042128:547:2100:5410% 011
Kasperi KapanenRW0111002012:580:2900:0000% 010
Kevin HayesRW000-1031117:304:3410:0000% 000
Marco ScandellaD0001010113:160:0000:5400% 000
Michael BuntingLW000-1031120:253:5500:0000% 010
Nick HoldenD000-1000217:510:0301:0500% 000
Oskar SundqvistC1011012013:320:3000:58050% 800
Paul StastnyC0000000012:384:3300:540100% 600
Pavel BuchnevichLW000-1015020:265:5510:070100% 101
Robert BortuzzoD000-1211417:130:0000:0000% 000
Robert ThomasC011-1016024:105:2600:07034% 2911
Sammy BlaisLW0001030115:563:2900:5400% 202
Torey KrugD000-1034323:373:0520:0000% 001

Minnesota Wild

5 vs 5 Forward
Line #Left WingCenterRight WingPHYDFOFWanted %Time %Time Play
1Kirill KaprizovJujhar KhairaMats Zuccarello1133333%15:28
2Marcus JohanssonTomas HertlMatt Boldy1223331%14:33
3Zach PariseEric StaalRyan Hartman1222222%10:14
4Pat MaroonMarcus FolignoConnor Dewar2301215%7:17
5 vs 5 Defense
Line #DefenseDefensePHYDFOFWanted %Time %Time Play
1Jake MiddletonJohn Klingberg1224041%19:32
2Jonas BrodinRasmus Ristolainen0323030%14:08
3Alex GoligoskiJon Merrill1402021%10:07
4Alex GoligoskiJohn Klingberg131108%3:45
Power Play Forward
Line #Left WingCenterRight WingPHYDFOFWanted %Time %Time Play
1Kirill KaprizovMarcus FolignoMats Zuccarello0056059%1:10
2Marcus JohanssonRyan HartmanMatt Boldy0144041%0:49
Power Play Defense
Line #DefenseDefensePHYDFOFWanted %Time %Time Play
1Rasmus RistolainenTomas Hertl0146062%1:14
2John KlingbergZach Parise0144038%0:45
Penalty Kill 4 Players Forward
Line #CenterWingPHYDFOFWanted %Time %Time Play
1Eric StaalKirill Kaprizov1136069%7:16
2Ryan HartmanMarcus Johansson1224031%3:13
Penalty Kill 4 Players Defense
Line #DefenseDefensePHYDFOFWanted %Time %Time Play
1Jon MerrillJohn Klingberg1316056%5:52
2Jake MiddletonRasmus Ristolainen1404044%4:37
Penalty Kill 3 Players
Line #WingPHYDFOFWanted %Time %Time PlayDefenseDefensePHYDFOFWanted %Time %Time Play
1Eric Staal12260100%0:02 Rasmus RistolainenJohn Klingberg13160100%0:02
2Marcus Foligno122400%0:00 Jake MiddletonJon Merrill140400%0:00
4 vs 4 Forward
Line #CenterWingPHYDFOFWanted %Time %Time Play
1Mats ZuccarelloKirill Kaprizov023600%0:00
2Tomas HertlMatt Boldy122400%0:00
4 vs 4 Defense
Line #DefensePHYDFOFWanted %Time %Time Play
1John KlingbergJon Merrill131600%0:00
2Jake MiddletonRasmus Ristolainen122400%0:00
Last Minutes Offensive
Left WingCenterRight WingDefenseDefense
Kirill KaprizovJujhar KhairaMats ZuccarelloJohn KlingbergMatt Boldy
Last Minutes Defensive
Left WingCenterRight WingDefenseDefense
Marcus FolignoTomas HertlJujhar KhairaJake MiddletonRasmus Ristolainen
Time
Total ForwardTotal DefenseLast Minutes OffensiveLast Minutes Defensive
60:02 60:02 0:000:00
Extra Forwards
Normal PowerPlayPenalty Kill
Zach Parise, Tomas Hertl, Marcus FolignoZach Parise, Pat MaroonPat Maroon
Extra Defensemen
Normal PowerPlayPenalty Kill
Rasmus Ristolainen, John Klingberg, Jon MerrillJohn Klingberg, Rasmus RistolainenJohn Klingberg
Penalty Shots
Kirill Kaprizov, Zach Parise, Mats Zuccarello, Matt Boldy, Tomas Hertl
Goalie
Filip Gustavsson, Mackenzie Blackwood
Custom OT Lines Forwards
Kirill Kaprizov, Jujhar Khaira, Tomas Hertl, Marcus Johansson, Mats Zuccarello, Matt Boldy, Zach Parise, Ryan Hartman, Marcus Foligno, Eric Staal
Custom OT Lines Defensemen
Rasmus Ristolainen, Jon Merrill, Jake Middleton, Alex Goligoski, John Klingberg
Scratches
Jordie Benn (Left Hand Injury), Zach Bogosian (Strained Right Elbow Injury), Brandon Duhaime (Healthy), Joel Eriksson-Ek (Left Hand Injury), Jared Spurgeon (Herniated Disc Injury) Elvis Merzlikins (Healthy)

St. Louis Blues

5 vs 5 Forward
Line #Left WingCenterRight WingPHYDFOFWanted %Time %Time Play
1Michael BuntingRobert ThomasJordan Kyrou0233434%16:09
2Pavel BuchnevichBrayden SchennKevin Hayes0232826%12:20
3Sammy BlaisOskar SundqvistKasperi Kapanen1312524%11:24
4Jakub VranaPaul StastnyAlexey Toropchenko2211316%7:39
5 vs 5 Defense
Line #DefenseDefensePHYDFOFWanted %Time %Time Play
1Nick HoldenJustin Faulk1313636%17:19
2Torey KrugRobert Bortuzzo1313434%16:22
3Marco ScandellaColton Parayko2302424%11:14
4Justin FaulkTorey Krug12266%2:37
Power Play Forward
Line #Left WingCenterRight WingPHYDFOFWanted %Time %Time Play
1Pavel BuchnevichRobert ThomasJordan Kyrou0147059%6:13
2Michael BuntingPaul StastnyKevin Hayes0143041%4:16
Power Play Defense
Line #DefenseDefensePHYDFOFWanted %Time %Time Play
1Brayden SchennJustin Faulk1137071%7:24
2Torey KrugSammy Blais1133029%3:05
Penalty Kill 4 Players Forward
Line #CenterWingPHYDFOFWanted %Time %Time Play
1Oskar SundqvistAlexey Toropchenko0415049%0:58
2Paul StastnySammy Blais1405051%1:01
Penalty Kill 4 Players Defense
Line #DefenseDefensePHYDFOFWanted %Time %Time Play
1Marco ScandellaJustin Faulk1405045%0:54
2Nick HoldenColton Parayko1405055%1:05
Penalty Kill 3 Players
Line #WingPHYDFOFWanted %Time %Time PlayDefenseDefensePHYDFOFWanted %Time %Time Play
1Oskar Sundqvist140500%0:00 Nick HoldenJustin Faulk140500%0:00
2Alexey Toropchenko140500%0:00 Robert BortuzzoJustin Faulk140500%0:00
4 vs 4 Forward
Line #CenterWingPHYDFOFWanted %Time %Time Play
1Robert ThomasJordan Kyrou12250100%0:02
2Brayden SchennPavel Buchnevich122500%0:00
4 vs 4 Defense
Line #DefensePHYDFOFWanted %Time %Time Play
1Robert BortuzzoJustin Faulk12250100%50% - 0:02
2Torey KrugNick Holden122500%50% - 0:00
Last Minutes Offensive
Left WingCenterRight WingDefenseDefense
Pavel BuchnevichRobert ThomasJordan KyrouTorey KrugJustin Faulk
Last Minutes Defensive
Left WingCenterRight WingDefenseDefense
Pavel BuchnevichBrayden SchennAlexey ToropchenkoTorey KrugJustin Faulk
Time
Total ForwardTotal DefenseLast Minutes OffensiveLast Minutes Defensive
60:02 60:02 0:000:00
Extra Forwards
Normal PowerPlayPenalty Kill
Pavel Buchnevich, Jordan Kyrou, Brayden SchennRobert Thomas, Kevin HayesRobert Thomas
Extra Defensemen
Normal PowerPlayPenalty Kill
Justin Faulk, Nick Holden, Torey KrugNick Holden, Justin FaulkTorey Krug
Penalty Shots
Brayden Schenn, Jordan Kyrou, Pavel Buchnevich, Jakub Vrana, Robert Thomas
Goalie
Jaroslav Halak, Jordan Binnington
Custom OT Lines Forwards
Robert Thomas, Pavel Buchnevich, Brayden Schenn, Jordan Kyrou, Kevin Hayes, Kasperi Kapanen, Michael Bunting, Oskar Sundqvist, Alexey Toropchenko, Sammy Blais
Custom OT Lines Defensemen
Justin Faulk, Torey Krug, Colton Parayko, Nick Holden, Robert Bortuzzo
Scratches
Scott Perunovich (Healthy), Jesse Puljujarvi (Healthy), Joel Hofer (Healthy)


Play-by-Play

1st period


0:01 of 1st period - Mats Zuccarello wins face-off versus Robert Thomas in neutral zone.
0:33 of 1st period - Backhand shot by Kasperi Kapanen.
0:33 of 1st period - Shot Hit the Post.
0:41 of 1st period - Snap shot by Mats Zuccarello.
0:41 of 1st period - Stopped by Jaroslav Halak without a rebound.
0:42 of 1st period - Pavel Buchnevich wins face-off versus Tomas Hertl in St. Louis Blues zone.
0:53 of 1st period - Snap shot by Marcus Johansson.
0:53 of 1st period - Stopped by Jaroslav Halak with a rebound.
1:09 of 1st period - Rasmus Ristolainen is hit by Colton Parayko and loses puck.
1:22 of 1st period - Alexey Toropchenko is hit by Zach Parise and loses puck.
3:25 of 1st period - Jordan Kyrou is hit by Rasmus Ristolainen and loses puck.
4:25 of 1st period - Snap shot by Connor Dewar.
4:25 of 1st period - Deflect By Marcus Foligno.
4:25 of 1st period - Shot Blocked by Michael Bunting.
4:25 of 1st period - Puck is out of play.
4:26 of 1st period - Robert Thomas wins face-off versus Marcus Foligno in St. Louis Blues zone.
5:08 of 1st period - Wrist shot by Connor Dewar.
5:08 of 1st period - Shot Blocked by Robert Bortuzzo.
5:10 of 1st period - Slapshot by Jonas Brodin.
5:10 of 1st period - Stopped by Jaroslav Halak with a rebound.
5:12 of 1st period - Snap shot by Jonas Brodin.
5:12 of 1st period - Deflect By Pat Maroon.
5:12 of 1st period - Shot Blocked by Robert Bortuzzo.
5:12 of 1st period - Puck is out of play.
5:13 of 1st period - Oskar Sundqvist wins face-off versus Tomas Hertl in St. Louis Blues zone.
5:13 of 1st period - Oskar Sundqvist is hit by Tomas Hertl.
7:09 of 1st period - Alexey Toropchenko is hit by Kirill Kaprizov and loses puck.
8:02 of 1st period - Snap shot by Robert Thomas.
8:02 of 1st period - Shot Misses the Net.
8:04 of 1st period - Snap shot by Robert Thomas.
8:04 of 1st period - Stopped by Filip Gustavsson with a rebound.
8:27 of 1st period - Kasperi Kapanen is hit by Jujhar Khaira and loses puck.
8:38 of 1st period - Zach Parise is hit by Justin Faulk and loses puck.
8:50 of 1st period - Zach Parise is hit by Torey Krug.
9:03 of 1st period - Michael Bunting is hit by Jake Middleton and loses puck.
9:10 of 1st period - Eric Staal is hit by Robert Thomas and loses puck.
9:31 of 1st period - Snap shot by Pavel Buchnevich.
9:31 of 1st period - Stopped by Filip Gustavsson with a rebound.
9:49 of 1st period - Icing by Kirill Kaprizov.
9:50 of 1st period - Jujhar Khaira wins face-off versus Oskar Sundqvist in Minnesota Wild zone.
9:59 of 1st period - Off-side.
10:00 of 1st period - Tomas Hertl wins face-off versus Robert Thomas in neutral zone.
10:54 of 1st period - Snap shot by Zach Parise.
10:54 of 1st period - Shot Blocked by Robert Bortuzzo.
10:56 of 1st period - Slapshot by Jonas Brodin.
10:56 of 1st period - Shot Hit the Post.
11:00 of 1st period - Snap shot by Ryan Hartman.
11:00 of 1st period - Stopped by Jaroslav Halak without a rebound.
11:01 of 1st period - Robert Thomas wins face-off versus Marcus Johansson in St. Louis Blues zone.
11:28 of 1st period - Jake Middleton is hit by Justin Faulk.
11:52 of 1st period - Eric Staal is hit by Oskar Sundqvist and loses puck.
11:59 of 1st period - Wrist shot by Kasperi Kapanen.
11:59 of 1st period - Stopped by Filip Gustavsson with a rebound.
12:16 of 1st period - Snap shot by Marcus Foligno.
12:16 of 1st period - Shot Misses the Net.
12:18 of 1st period - Snap shot by Marcus Foligno.
12:18 of 1st period - Deflect By Pat Maroon.
12:18 of 1st period - Stopped by Jaroslav Halak with a rebound.
12:20 of 1st period - Snap shot by Connor Dewar.
12:20 of 1st period - Shot Blocked by Robert Bortuzzo.
12:52 of 1st period - Torey Krug is hit by Jake Middleton and loses puck.
13:23 of 1st period - Snap shot by Torey Krug.
13:23 of 1st period - Stopped by Filip Gustavsson with a rebound.
14:57 of 1st period - Snap shot by Jordan Kyrou.
14:57 of 1st period - Stopped by Filip Gustavsson with a rebound.
14:59 of 1st period - Wrist shot by Jordan Kyrou.
14:59 of 1st period - Shot Blocked by Marcus Foligno.
15:01 of 1st period - Wrist shot by Michael Bunting.
15:01 of 1st period - Stopped by Filip Gustavsson without a rebound.
15:02 of 1st period - Robert Thomas wins face-off versus Tomas Hertl in Minnesota Wild zone.
15:13 of 1st period - Snap shot by Jordan Kyrou.
15:13 of 1st period - Stopped by Filip Gustavsson with a rebound.
15:15 of 1st period - Slapshot by Robert Thomas.
15:15 of 1st period - Stopped by Filip Gustavsson with a rebound.
15:17 of 1st period - Wrist shot by Robert Thomas.
15:17 of 1st period - Stopped by Filip Gustavsson without a rebound.
15:18 of 1st period - Jujhar Khaira wins face-off versus Sammy Blais in Minnesota Wild zone.
15:46 of 1st period - Mats Zuccarello is hit by Sammy Blais and loses puck.
16:33 of 1st period - Snap shot by Mats Zuccarello.
16:33 of 1st period - Stopped by Jaroslav Halak with a rebound.
16:35 of 1st period - Snap shot by Mats Zuccarello.
16:35 of 1st period - Stopped by Jaroslav Halak without a rebound.
16:36 of 1st period - Tomas Hertl wins face-off versus Robert Thomas in St. Louis Blues zone.
16:39 of 1st period - Slapshot by Tomas Hertl.
16:39 of 1st period - Stopped by Jaroslav Halak with a rebound.
16:45 of 1st period - Snap shot by Tomas Hertl.
16:45 of 1st period - Stopped by Jaroslav Halak without a rebound.
16:46 of 1st period - Robert Thomas wins face-off versus Matt Boldy in St. Louis Blues zone.
16:55 of 1st period - Torey Krug is hit by Marcus Johansson and loses puck.
17:12 of 1st period - Snap shot by Jordan Kyrou.
17:12 of 1st period - Shot Misses the Net.
17:32 of 1st period - Slapshot by Matt Boldy.
17:32 of 1st period - Stopped by Jaroslav Halak with a rebound.
17:34 of 1st period - Wrist shot by Marcus Johansson.
17:34 of 1st period - Goal by Marcus Johansson - Minnesota Wild : 1 - St. Louis Blues : 0.
17:35 of 1st period - Jujhar Khaira wins face-off versus Brayden Schenn in neutral zone.
17:46 of 1st period - Wrist shot by Mats Zuccarello.
17:46 of 1st period - Stopped by Jaroslav Halak with a rebound.
17:48 of 1st period - Snap shot by Mats Zuccarello.
17:48 of 1st period - Goal by Mats Zuccarello - Minnesota Wild : 2 - St. Louis Blues : 0.
17:49 of 1st period - Tomas Hertl wins face-off versus Brayden Schenn in neutral zone.
17:59 of 1st period - Marcus Johansson is hit by Brayden Schenn.
18:41 of 1st period - Snap shot by Tomas Hertl.
18:41 of 1st period - Shot Misses the Net.
18:43 of 1st period - Slapshot by Jake Middleton.
18:43 of 1st period - Shot Misses the Net.
18:45 of 1st period - Snap shot by Tomas Hertl.
18:45 of 1st period - Shot Blocked by Torey Krug.
19:44 of 1st period - Snap shot by Tomas Hertl.
19:44 of 1st period - Stopped by Jaroslav Halak with a rebound.
19:46 of 1st period - Snap shot by John Klingberg.
19:46 of 1st period - Deflect By Pavel Buchnevich.
19:46 of 1st period - Stopped by Jaroslav Halak with a rebound.
19:48 of 1st period - Slapshot by Jake Middleton.
19:48 of 1st period - Stopped by Jaroslav Halak with a rebound.
19:50 of 1st period - Slapshot by Tomas Hertl.
19:50 of 1st period - Shot Misses the Net.
19:52 of 1st period - Wrist shot by Marcus Johansson.
19:52 of 1st period - Stopped by Jaroslav Halak with a rebound.
19:54 of 1st period - Snap shot by Jake Middleton.
19:54 of 1st period - Shot Misses the Net.
Goals for this period are 2 for Minnesota Wild vs 0 for St. Louis Blues.
Shots for this period are 17 for Minnesota Wild vs 9 for St. Louis Blues.

2nd period


0:01 of 2nd period - Jujhar Khaira wins face-off versus Robert Thomas in neutral zone.
0:47 of 2nd period - Icing by Alex Goligoski.
0:48 of 2nd period - Tomas Hertl wins face-off versus Oskar Sundqvist in Minnesota Wild zone.
1:01 of 2nd period - Snap shot by Tomas Hertl.
1:01 of 2nd period - Deflect By Matt Boldy.
1:01 of 2nd period - Shot Misses the Net.
1:01 of 2nd period - Puck is out of play.
1:02 of 2nd period - Robert Thomas wins face-off versus Jujhar Khaira in St. Louis Blues zone.
1:49 of 2nd period - Snap shot by Robert Thomas.
1:49 of 2nd period - Stopped by Filip Gustavsson without a rebound.
1:50 of 2nd period - Brayden Schenn wins face-off versus Eric Staal in Minnesota Wild zone.
2:07 of 2nd period - Wrist shot by John Klingberg.
2:07 of 2nd period - Shot Blocked by Kevin Hayes.
2:28 of 2nd period - Snap shot by Oskar Sundqvist.
2:28 of 2nd period - Goal by Oskar Sundqvist - Minnesota Wild : 2 - St. Louis Blues : 1.
2:29 of 2nd period - Jujhar Khaira wins face-off versus Robert Thomas in neutral zone.
2:46 of 2nd period - Wrist shot by Kirill Kaprizov.
2:46 of 2nd period - Stopped by Jaroslav Halak without a rebound.
2:47 of 2nd period - Eric Staal wins face-off versus Brayden Schenn in St. Louis Blues zone.
2:58 of 2nd period - Wrist shot by Eric Staal.
2:58 of 2nd period - Shot Misses the Net.
3:04 of 2nd period - Snap shot by Ryan Hartman.
3:04 of 2nd period - Deflect By Zach Parise.
3:04 of 2nd period - Stopped by Jaroslav Halak with a rebound.
3:14 of 2nd period - Marco Scandella is hit by Rasmus Ristolainen and loses puck.
4:02 of 2nd period - Snap shot by Oskar Sundqvist.
4:02 of 2nd period - Shot Blocked by Connor Dewar.
4:04 of 2nd period - Wrist shot by Robert Bortuzzo.
4:04 of 2nd period - Shot Misses the Net.
4:06 of 2nd period - Wrist shot by Sammy Blais.
4:06 of 2nd period - Shot Misses the Net.
4:08 of 2nd period - Slapshot by Kasperi Kapanen.
4:08 of 2nd period - Shot Blocked by Connor Dewar.
4:27 of 2nd period - Off-side.
4:28 of 2nd period - Jujhar Khaira wins face-off versus Robert Thomas in neutral zone.
5:03 of 2nd period - Jon Merrill is hit by Sammy Blais and loses puck.
5:42 of 2nd period - Double Minor Penalty to Ryan Hartman for Slashing.
5:43 of 2nd period - Eric Staal wins face-off versus Robert Thomas in Minnesota Wild zone.
5:58 of 2nd period - Icing by Justin Faulk.
5:59 of 2nd period - Eric Staal wins face-off versus Robert Thomas in St. Louis Blues zone.
6:18 of 2nd period - Wrist shot by Jordan Kyrou.
6:18 of 2nd period - Goal by Jordan Kyrou - Minnesota Wild : 2 - St. Louis Blues : 2.
6:19 of 2nd period - Eric Staal wins face-off versus Robert Thomas in neutral zone.
6:46 of 2nd period - John Klingberg is hit by Kevin Hayes and loses puck.
6:59 of 2nd period - Marcus Johansson is hit by Kevin Hayes.
8:01 of 2nd period - Jon Merrill is hit by Kevin Hayes and loses puck.
8:18 of 2nd period - Penalty to Ryan Hartman is over, Ryan Hartman is back on ice.
8:46 of 2nd period - Ryan Hartman is hit by Jakub Vrana and loses puck.
8:57 of 2nd period - Colton Parayko is hit by Marcus Foligno and loses puck.
9:42 of 2nd period - Colton Parayko is hit by Zach Parise and loses puck.
9:55 of 2nd period - Snap shot by Connor Dewar.
9:55 of 2nd period - Stopped by Jaroslav Halak with a rebound.
9:57 of 2nd period - Wrist shot by Marcus Foligno.
9:57 of 2nd period - Shot Blocked by Marco Scandella.
10:20 of 2nd period - Jakub Vrana is hit by Eric Staal and loses puck.
10:34 of 2nd period - Off-side.
10:35 of 2nd period - Brayden Schenn wins face-off versus Jujhar Khaira in neutral zone.
11:26 of 2nd period - Wrist shot by Kasperi Kapanen.
11:26 of 2nd period - Stopped by Filip Gustavsson with a rebound.
11:28 of 2nd period - Snap shot by Oskar Sundqvist.
11:28 of 2nd period - Stopped by Filip Gustavsson without a rebound.
11:29 of 2nd period - Jujhar Khaira wins face-off versus Brayden Schenn in Minnesota Wild zone.
11:44 of 2nd period - Brayden Schenn is hit by Kirill Kaprizov and loses puck.
12:44 of 2nd period - Snap shot by Torey Krug.
12:44 of 2nd period - Shot Blocked by Pat Maroon.
12:46 of 2nd period - Slapshot by Robert Bortuzzo.
12:46 of 2nd period - Stopped by Filip Gustavsson without a rebound.
12:47 of 2nd period - Paul Stastny wins face-off versus Marcus Foligno in Minnesota Wild zone.
13:01 of 2nd period - Minor Penalty to Pat Maroon for Roughing.
13:02 of 2nd period - Eric Staal wins face-off versus Robert Thomas in Minnesota Wild zone.
13:14 of 2nd period - Wrist shot by Pavel Buchnevich.
13:14 of 2nd period - Shot Misses the Net.
13:16 of 2nd period - Wrist shot by Pavel Buchnevich.
13:16 of 2nd period - Shot Misses the Net.
13:18 of 2nd period - Snap shot by Pavel Buchnevich.
13:18 of 2nd period - Shot Misses the Net.
13:28 of 2nd period - Eric Staal is hit by Justin Faulk and loses puck.
14:22 of 2nd period - Michael Bunting is hit by Connor Dewar and loses puck.
15:01 of 2nd period - Penalty to Pat Maroon is over, Pat Maroon is back on ice.
16:11 of 2nd period - Torey Krug is hit by Jake Middleton and loses puck.
17:39 of 2nd period - Snap shot by Robert Thomas.
17:39 of 2nd period - Shot Hit the Post.
17:41 of 2nd period - Slapshot by Marco Scandella.
17:41 of 2nd period - Shot Blocked by Ryan Hartman.
17:43 of 2nd period - Wrist shot by Jordan Kyrou.
17:43 of 2nd period - Stopped by Filip Gustavsson with a rebound.
17:45 of 2nd period - Wrist shot by Michael Bunting.
17:45 of 2nd period - Deflect By Robert Thomas.
17:45 of 2nd period - Stopped by Filip Gustavsson with a rebound.
17:47 of 2nd period - Slapshot by Colton Parayko.
17:47 of 2nd period - Deflect By Ryan Hartman.
17:47 of 2nd period - Stopped by Filip Gustavsson without a rebound.
17:48 of 2nd period - Paul Stastny wins face-off versus Tomas Hertl in Minnesota Wild zone.
18:14 of 2nd period - Alex Goligoski is hit by Marco Scandella and loses puck.
18:24 of 2nd period - Off-side.
18:25 of 2nd period - Kirill Kaprizov wins face-off versus Brayden Schenn in neutral zone.
18:56 of 2nd period - Slapshot by Matt Boldy.
18:56 of 2nd period - Shot Misses the Net.
18:58 of 2nd period - Wrist shot by Marcus Johansson.
18:58 of 2nd period - Stopped by Jaroslav Halak without a rebound.
18:59 of 2nd period - Marcus Johansson wins face-off versus Robert Thomas in St. Louis Blues zone.
19:02 of 2nd period - Snap shot by Matt Boldy.
19:02 of 2nd period - Stopped by Jaroslav Halak with a rebound.
19:08 of 2nd period - Tomas Hertl is hit by Torey Krug and loses puck.
19:37 of 2nd period - Off-side.
19:38 of 2nd period - Robert Thomas wins face-off versus Eric Staal in neutral zone.
Goals for this period are 0 for Minnesota Wild vs 2 for St. Louis Blues.
Shots for this period are 5 for Minnesota Wild vs 9 for St. Louis Blues.

3rd period


0:01 of 3rd period - Jujhar Khaira wins face-off versus Robert Thomas in neutral zone.
0:09 of 3rd period - Mats Zuccarello is hit by Michael Bunting and loses puck.
0:17 of 3rd period - Off-side.
0:18 of 3rd period - Tomas Hertl wins face-off versus Brayden Schenn in neutral zone.
0:22 of 3rd period - Off-side.
0:23 of 3rd period - Tomas Hertl wins face-off versus Brayden Schenn in neutral zone.
0:48 of 3rd period - Slapshot by Justin Faulk.
0:48 of 3rd period - Deflect By Kevin Hayes.
0:48 of 3rd period - Shot Blocked by John Klingberg.
0:48 of 3rd period - Puck is out of play.
0:49 of 3rd period - Jujhar Khaira wins face-off versus Robert Thomas in Minnesota Wild zone.
1:02 of 3rd period - Snap shot by Mats Zuccarello.
1:02 of 3rd period - Stopped by Jaroslav Halak with a rebound.
1:17 of 3rd period - Minor Penalty to Ryan Hartman for Slashing.
1:18 of 3rd period - Kirill Kaprizov wins face-off versus Robert Thomas in Minnesota Wild zone.
2:09 of 3rd period - Snap shot by Jordan Kyrou.
2:09 of 3rd period - Shot Blocked by Rasmus Ristolainen.
2:25 of 3rd period - Backhand shot by Brayden Schenn.
2:25 of 3rd period - Deflect By Paul Stastny.
2:25 of 3rd period - Shot Blocked by Pat Maroon.
2:25 of 3rd period - Puck is out of play.
2:26 of 3rd period - Paul Stastny wins face-off versus Pat Maroon in Minnesota Wild zone.
2:27 of 3rd period - Slapshot by Kevin Hayes.
2:27 of 3rd period - Stopped by Filip Gustavsson without a rebound.
2:28 of 3rd period - Paul Stastny wins face-off versus Pat Maroon in Minnesota Wild zone.
2:41 of 3rd period - Snap shot by Torey Krug.
2:41 of 3rd period - Deflect By John Klingberg.
2:41 of 3rd period - Stopped by Filip Gustavsson with a rebound.
2:49 of 3rd period - Slapshot by Torey Krug.
2:49 of 3rd period - Stopped by Filip Gustavsson with a rebound.
2:51 of 3rd period - Slapshot by Sammy Blais.
2:51 of 3rd period - Shot Misses the Net.
2:53 of 3rd period - Slapshot by Brayden Schenn.
2:53 of 3rd period - Shot Blocked by Jon Merrill.
2:57 of 3rd period - Snap shot by Kevin Hayes.
2:57 of 3rd period - Shot Misses the Net.
2:59 of 3rd period - Slapshot by Paul Stastny.
2:59 of 3rd period - Shot Blocked by Jon Merrill.
3:07 of 3rd period - Slapshot by Brayden Schenn.
3:07 of 3rd period - Stopped by Filip Gustavsson without a rebound.
3:08 of 3rd period - Robert Thomas wins face-off versus Eric Staal in Minnesota Wild zone.
3:09 of 3rd period - Snap shot by Pavel Buchnevich.
3:09 of 3rd period - Stopped by Filip Gustavsson without a rebound.
3:10 of 3rd period - Robert Thomas wins face-off versus Eric Staal in Minnesota Wild zone.
3:17 of 3rd period - Penalty to Ryan Hartman is over, Ryan Hartman is back on ice.
3:19 of 3rd period - Wrist shot by Robert Thomas.
3:19 of 3rd period - Stopped by Filip Gustavsson with a rebound.
3:21 of 3rd period - Slapshot by Pavel Buchnevich.
3:21 of 3rd period - Stopped by Filip Gustavsson without a rebound.
3:22 of 3rd period - Robert Thomas wins face-off versus Jujhar Khaira in Minnesota Wild zone.
3:27 of 3rd period - Snap shot by Jordan Kyrou.
3:27 of 3rd period - Stopped by Filip Gustavsson without a rebound.
3:28 of 3rd period - Jujhar Khaira wins face-off versus Robert Thomas in Minnesota Wild zone.
3:37 of 3rd period - Robert Thomas is hit by Mats Zuccarello and loses puck.
4:05 of 3rd period - Snap shot by Justin Faulk.
4:05 of 3rd period - Stopped by Filip Gustavsson with a rebound.
4:25 of 3rd period - Slapshot by Zach Parise.
4:25 of 3rd period - Stopped by Jaroslav Halak without a rebound.
4:26 of 3rd period - Brayden Schenn wins face-off versus Jujhar Khaira in St. Louis Blues zone.
4:36 of 3rd period - Wrist shot by Pavel Buchnevich.
4:36 of 3rd period - Stopped by Filip Gustavsson with a rebound.
4:38 of 3rd period - Snap shot by Robert Bortuzzo.
4:38 of 3rd period - Shot Blocked by Jonas Brodin.
4:40 of 3rd period - Snap shot by Pavel Buchnevich.
4:40 of 3rd period - Stopped by Filip Gustavsson without a rebound.
4:41 of 3rd period - Tomas Hertl wins face-off versus Oskar Sundqvist in Minnesota Wild zone.
4:50 of 3rd period - Robert Bortuzzo is hit by Rasmus Ristolainen and loses puck.
5:07 of 3rd period - Pavel Buchnevich is hit by Mats Zuccarello and loses puck.
5:34 of 3rd period - Jake Middleton is hit by Michael Bunting and loses puck.
6:21 of 3rd period - Brayden Schenn is hit by Marcus Foligno and loses puck.
6:31 of 3rd period - Off-side.
6:32 of 3rd period - Jujhar Khaira wins face-off versus Robert Thomas in neutral zone.
6:38 of 3rd period - Icing by Torey Krug.
6:39 of 3rd period - Jujhar Khaira wins face-off versus Robert Thomas in St. Louis Blues zone.
7:08 of 3rd period - Torey Krug is hit by Jujhar Khaira and loses puck.
7:19 of 3rd period - Snap shot by Mats Zuccarello.
7:19 of 3rd period - Stopped by Jaroslav Halak with a rebound.
7:21 of 3rd period - Snap shot by Mats Zuccarello.
7:21 of 3rd period - Shot Blocked by Torey Krug.
7:23 of 3rd period - Wrist shot by Mats Zuccarello.
7:23 of 3rd period - Stopped by Jaroslav Halak with a rebound.
7:25 of 3rd period - Snap shot by Jake Middleton.
7:25 of 3rd period - Shot Blocked by Torey Krug.
7:27 of 3rd period - Wrist shot by Mats Zuccarello.
7:27 of 3rd period - Stopped by Jaroslav Halak with a rebound.
7:58 of 3rd period - Minor Penalty to Jake Middleton for Holding.
7:59 of 3rd period - Paul Stastny wins face-off versus Eric Staal in Minnesota Wild zone.
7:59 of 3rd period - Slapshot by Kevin Hayes.
7:59 of 3rd period - Shot Misses the Net.
8:09 of 3rd period - Wrist shot by Eric Staal.
8:09 of 3rd period - Shot Misses the Net.
8:11 of 3rd period - Slapshot by Rasmus Ristolainen.
8:11 of 3rd period - Shot Blocked by Justin Faulk.
9:38 of 3rd period - Rasmus Ristolainen is hit by Torey Krug and loses puck.
9:58 of 3rd period - Penalty to Jake Middleton is over, Jake Middleton is back on ice.
10:01 of 3rd period - Off-side.
10:02 of 3rd period - Tomas Hertl wins face-off versus Oskar Sundqvist in neutral zone.
10:13 of 3rd period - Matt Boldy is hit by Colton Parayko.
10:27 of 3rd period - Jake Middleton is hit by Sammy Blais and loses puck.
10:38 of 3rd period - Slapshot by John Klingberg.
10:38 of 3rd period - Deflect By Robert Thomas.
10:38 of 3rd period - Stopped by Jaroslav Halak without a rebound.
10:39 of 3rd period - Paul Stastny wins face-off versus Jujhar Khaira in St. Louis Blues zone.
10:39 of 3rd period - Paul Stastny is hit by Kirill Kaprizov.
10:42 of 3rd period - Minor Penalty to Robert Bortuzzo for Interference.
10:43 of 3rd period - Oskar Sundqvist wins face-off versus Marcus Foligno in St. Louis Blues zone.
10:46 of 3rd period - Off-side.
10:47 of 3rd period - Oskar Sundqvist wins face-off versus Marcus Foligno in neutral zone.
10:50 of 3rd period - Wrist shot by Justin Faulk.
10:50 of 3rd period - Shot Misses the Net.
10:52 of 3rd period - Wrist shot by Alexey Toropchenko.
10:52 of 3rd period - Stopped by Filip Gustavsson with a rebound.
10:54 of 3rd period - Slapshot by Justin Faulk.
10:54 of 3rd period - Stopped by Filip Gustavsson without a rebound.
10:55 of 3rd period - Marcus Foligno wins face-off versus Sammy Blais in Minnesota Wild zone.
11:02 of 3rd period - Wrist shot by Mats Zuccarello.
11:02 of 3rd period - Stopped by Jaroslav Halak with a rebound.
11:04 of 3rd period - Slapshot by Rasmus Ristolainen.
11:04 of 3rd period - Shot Blocked by Sammy Blais.
11:22 of 3rd period - Nick Holden is hit by Matt Boldy and loses puck.
11:30 of 3rd period - Slapshot by John Klingberg.
11:30 of 3rd period - Shot Misses the Net.
11:32 of 3rd period - Slapshot by John Klingberg.
11:32 of 3rd period - Stopped by Jaroslav Halak with a rebound.
12:04 of 3rd period - Marco Scandella is hit by Mats Zuccarello and loses puck.
12:38 of 3rd period - Mats Zuccarello is hit by Pavel Buchnevich.
12:42 of 3rd period - Penalty to Robert Bortuzzo is over, Robert Bortuzzo is back on ice.
14:04 of 3rd period - Marcus Foligno is hit by Robert Bortuzzo and loses puck.
14:27 of 3rd period - Robert Bortuzzo is hit by Rasmus Ristolainen and loses puck.
15:04 of 3rd period - Snap shot by Kirill Kaprizov.
15:04 of 3rd period - Shot Misses the Net.
15:37 of 3rd period - John Klingberg is hit by Alexey Toropchenko and loses puck.
15:55 of 3rd period - Kasperi Kapanen is hit by Jonas Brodin and loses puck.
16:50 of 3rd period - Wrist shot by Pat Maroon.
16:50 of 3rd period - Shot Misses the Net.
16:52 of 3rd period - Wrist shot by Connor Dewar.
16:52 of 3rd period - Stopped by Jaroslav Halak with a rebound.
16:54 of 3rd period - Wrist shot by Marcus Foligno.
16:54 of 3rd period - Deflect By Connor Dewar.
16:54 of 3rd period - Shot Blocked by Nick Holden.
16:54 of 3rd period - Puck is out of play.
16:55 of 3rd period - Oskar Sundqvist wins face-off versus Eric Staal in St. Louis Blues zone.
17:09 of 3rd period - Kasperi Kapanen is hit by Ryan Hartman and loses puck.
17:22 of 3rd period - Jonas Brodin is hit by Colton Parayko and loses puck.
17:37 of 3rd period - Jake Middleton is hit by Colton Parayko and loses puck.
18:02 of 3rd period - Minor Penalty to Pat Maroon for Tripping.
18:03 of 3rd period - Eric Staal wins face-off versus Robert Thomas in Minnesota Wild zone.
18:17 of 3rd period - Kirill Kaprizov is hit by Brayden Schenn and loses puck.
18:30 of 3rd period - Eric Staal is hit by Justin Faulk.
18:34 of 3rd period - Kirill Kaprizov is hit by Michael Bunting and loses puck.
19:43 of 3rd period - Michael Bunting is hit by Ryan Hartman.
Goals for this period are 0 for Minnesota Wild vs 0 for St. Louis Blues.
Shots for this period are 9 for Minnesota Wild vs 13 for St. Louis Blues.

Overtime #1


0:01 of 1st overtime period - Robert Thomas wins face-off versus Eric Staal in neutral zone.
0:02 of 1st overtime period - Penalty to Pat Maroon is over, Pat Maroon is back on ice.
0:10 of 1st overtime period - Wrist shot by Jordan Kyrou.
0:10 of 1st overtime period - Shot Misses the Net.
0:37 of 1st overtime period - Icing by Rasmus Ristolainen.
0:38 of 1st overtime period - Brayden Schenn wins face-off versus Jujhar Khaira in Minnesota Wild zone.
2:23 of 1st overtime period - Slapshot by Torey Krug.
2:23 of 1st overtime period - Deflect By Matt Boldy.
2:23 of 1st overtime period - Stopped by Filip Gustavsson with a rebound.
3:18 of 1st overtime period - Kasperi Kapanen is hit by Mats Zuccarello and loses puck.
4:23 of 1st overtime period - Wrist shot by Mats Zuccarello.
4:23 of 1st overtime period - Shot Blocked by Nick Holden.
4:32 of 1st overtime period - Off-side.
4:33 of 1st overtime period - Matt Boldy wins face-off versus Robert Thomas in neutral zone.
Goals for this period are 0 for Minnesota Wild vs 0 for St. Louis Blues.
Shots for this period are 0 for Minnesota Wild vs 1 for St. Louis Blues.

ShootOut


5:00 of 1st overtime period - Round #1.
5:00 of 1st overtime period - Minnesota Wild, Kirill Kaprizov.
5:00 of 1st overtime period - Wrist shot by Kirill Kaprizov.
5:00 of 1st overtime period - Shot Misses the Net.
5:00 of 1st overtime period - St. Louis Blues, Brayden Schenn.
5:00 of 1st overtime period - Wrist shot by Brayden Schenn.
5:00 of 1st overtime period - Stopped by Filip Gustavsson.
5:00 of 1st overtime period - Round #2.
5:00 of 1st overtime period - Minnesota Wild, Zach Parise.
5:00 of 1st overtime period - Wrist shot by Zach Parise.
5:00 of 1st overtime period - Stopped by Jaroslav Halak.
5:00 of 1st overtime period - St. Louis Blues, Jordan Kyrou.
5:00 of 1st overtime period - Deke by Jordan Kyrou.
5:00 of 1st overtime period - Stopped by Filip Gustavsson.
5:00 of 1st overtime period - Round #3.
5:00 of 1st overtime period - Minnesota Wild, Mats Zuccarello.
5:00 of 1st overtime period - Wrist shot by Mats Zuccarello.
5:00 of 1st overtime period - Goal by Mats Zuccarello.
5:00 of 1st overtime period - St. Louis Blues, Pavel Buchnevich.
5:00 of 1st overtime period - Wrist shot by Pavel Buchnevich.
5:00 of 1st overtime period - Shot Misses the Net.